 Dungeon Crawl Stone Soup version 0.19.5 (webtiles) character file.

2998 Trixie the Basher (level 9, -3/80 (81) HPs)
             Began as a Red Draconian Berserker on Mar 23, 2017.
             Was a Priest of Trog.
             Slain by a hog (4 damage)
             ... on level 7 of the Dungeon.
             The game lasted 00:15:05 (6199 turns).

Trixie the Basher (Red Draconian Berserker)         Turns: 6199, Time: 00:15:05

HP:   -3/80 (81)    AC:  7    Str: 22    XL:     9   Next: 54%
MP:   13/13         EV: 13    Int:  7    God:    Trog [***...]
Gold: 268           SH:  0    Dex: 12    Spells: 0 memorised, 8 levels left

rFire  + . .     SeeInvis .     a - +0 mace
rCold  . . .     Gourm    .     (armour unavailable)
rNeg   . . .     Faith    .     (no shield)
rPois  .         Spirit   .     (helmet restricted)
rElec  .         Reflect  .     (no cloak)
rCorr  .         Harm     .     (no gloves)
MR     .....                    (no boots)
Stlth  +.........               (no amulet)
                                (no ring)
                                (no ring)

@: exhausted, slowed, very slow
A: breathe fire, unfitting armour, fire resistance 1, cold-blooded, AC +7
a: Breathe Fire, Berserk, Trog's Hand, Burn Spellbooks, Renounce Religion


You were on level 7 of the Dungeon.
You worshipped Trog.
Trog was most pleased with you.
You were near starving.

You visited 1 branch of the dungeon, and saw 7 of its levels.

You collected 268 gold pieces.

Inventory:

Hand Weapons
 a - a +0 mace (weapon)
Jewellery
 p - an uncursed ring of flight
 y - an uncursed amulet of magic regeneration
 H - a cursed ring of loudness {unknown}
Wands
 u - a wand of flame (15/48)
 x - a wand of flame (27/48)
 B - a wand of paralysis (9/24)
 C - a wand of disintegration (4/24)
 D - a wand of random effects (15/48)
 G - a wand of polymorph (9/24)
Scrolls
 d - 6 scrolls of identify
 e - 5 scrolls of remove curse
 i - 3 scrolls of blinking {unknown}
 k - a scroll of immolation {unknown}
 m - 3 scrolls of enchant weapon {unknown}
 n - 2 scrolls of recharging {unknown}
 r - a scroll of enchant armour {unknown}
 v - a scroll of magic mapping {unknown}
 w - a scroll of fear {unknown}
 z - 3 scrolls of teleportation {unknown}
 F - a scroll of holy word {unknown}
Potions
 c - 2 potions of magic {unknown}
 h - 2 potions of degeneration {unknown}
 j - 3 potions of curing {unknown}
 o - 2 potions of heal wounds
 q - 3 potions of resistance {unknown}
 s - 3 potions of flight {unknown}
 t - a potion of mutation {unknown}
 A - 2 potions of agility {unknown}
 I - a potion of brilliance {unknown}
Books
 E - a book of Battle

   Spells                             Type                      Level
   a - Infusion                       Charms                       1
   b - Shroud of Golubria             Charms/Translocation         2
   c - Song of Slaying                Charms                       2
   d - Spectral Weapon                Hexes/Charms                 3
   e - Regeneration                   Charms/Necromancy            3
   Trog disapproves of the use of such an item.
Comestibles
 b - 4 bread rations
 f - 4 slices of pizza
 g - 2 beef jerkies
 l - 3 meat rations


   Skills:
 - Level 8.3 Fighting
 - Level 10.0 Maces & Flails
 - Level 2.7 Dodging
 - Level 0.4 Stealth
 + Level 6.0 Evocations


You had 8 spell levels left.
You didn't know any spells.

Dungeon Overview and Level Annotations

Branches:
Dungeon (7/15)             Temple (0/1) D:4

Altars:
Dithmenos
Nemelex Xobeh
Sif Muna
Xom

Shops:
D:4 %

Annotations:
D:7 1 runed door


Innate Abilities, Weirdness & Mutations

You can breathe blasts of fire.
Your fiery red scales are hard. (AC +7)
You cannot fit into any form of body armour.
Your flesh is heat resistant. (rF+)
You are cold-blooded and may be slowed by cold attacks.


Message History

The hog barely misses you.
You hit the hog.
The hog is almost dead.
The hog closely misses you. The hog bites you but does no damage.
The hog bites you. The hog closely misses you.
You hit the hog but do no damage.
The hog is almost dead.
The hog bites you.
* * * LOW HITPOINT WARNING * * *
The hog bites you!
* * * LOW HITPOINT WARNING * * *
The hog bites you.
* * * LOW HITPOINT WARNING * * *
The hog bites you but does no damage.
The hog barely misses you. x2; The hog misses you.
You have got your breath back.
The hog bites you!
* * * LOW HITPOINT WARNING * * *
The hog bites you.
You die...

#.# #.....#######.# ## #.#
#.....#.....#.# #.
#.###.....#.....#.#######.
#.........###'###.........
#####.#...#)...%#.........
#......'...%%#...####..
#......#######...####..
#...)hh#...............
#.....@#.....#...####..
#......#######......#..
#......#............#..
#......#...............
#......#......###...##.
#......#......# #.####.
#......#......###.####.
#.............#........
#.............#........


You could see 2 hogs.

Vanquished Creatures
  Joseph (D:7)
  The ghost of Britaniac the Conjurer, a novice DEFE of Vehumet (D:6)
  Sigmund (D:2)
  2 hogs (D:7)
  A human (D:7)
  Menkaure (D:6)
  Duvessa (D:6)
  An orc warrior (D:7)
  A black bear (D:6)
  2 phantoms
  An ice beast (D:6)
  A necrophage (D:6)
  2 ogres
  A centaur (D:5)
  Blork the orc (D:6)
  A scorpion (D:7)
  Dowan (D:6)
  3 howler monkeys
  A crimson imp (D:6)
  2 jellies (D:7)
  A hound (D:4)
  An orc priest (D:7)
  2 bullfrog skeletons
  A centaur skeleton (D:4)
  Jessica (D:2)
  Terence (D:2)
  2 orc wizards (D:7)
  3 worker ants
  A hound zombie (D:6)
  7 adders
  An ooze (D:6)
  3 adder skeletons
  2 worms (D:2)
  A leopard gecko (D:6)
  12 orcs
  A ball python (D:1)
  4 bats
  7 giant cockroaches
  4 hobgoblins
  5 jackals
  8 kobolds
  3 quokkas
  3 frilled lizards
  5 goblins
  8 rats
113 creatures vanquished.

Notes
Turn   | Place    | Note
-------+----------+-------------------------------------------
     0 | D:1      | Trixie the Draconian Berserker began the quest for the Orb.
     0 | D:1      | Reached XP level 1. HP: 19/19 MP: 1/1
   423 | D:1      | Reached XP level 2. HP: 26/26 MP: 2/2
  1037 | D:2      | Reached skill level 4 in Maces & Flails
  1069 | D:2      | Reached XP level 3. HP: 31/31 MP: 3/3
  1072 | D:2      | Reached ** piety under Trog
  1232 | D:2      | Noticed Sigmund
  1242 | D:2      | Killed Sigmund
  1242 | D:2      | Reached skill level 6 in Maces & Flails
  1242 | D:2      | Reached XP level 4. HP: 38/38 MP: 4/4
  1242 | D:2      | Reached XP level 5. HP: 45/45 MP: 5/5
  1360 | D:2      | Noticed Jessica
  1364 | D:2      | Killed Jessica
  1546 | D:2      | Noticed Terence
  1561 | D:2      | Killed Terence
  1561 | D:2      | Reached XP level 6. HP: 52/52 MP: 6/6
  1643 | D:2      | You fall through a shaft for 2 floors!
  1681 | D:4      | Found a staircase to the Ecumenical Temple.
  1717 | D:4      | Found a shadowy altar of Dithmenos.
  1931 | D:4      | Reached skill level 5 in Fighting
  2172 | D:4      | Found a shimmering altar of Xom.
  2184 | D:4      | Your scales start taking on a fiery red colour.
  2184 | D:4      | Reached XP level 7. HP: 63/63 MP: 7/7
  2184 | D:4      | Gained mutation: Your flesh is heat resistant. (rF+) [Red Draconian growth]
  2348 | D:4      | Found Zong's Food Shoppe.
  2761 | D:3      | Reached *** piety under Trog
  3171 | D:5      | Entered Level 5 of the Dungeon
  3652 | D:6      | Noticed Blork the orc
  3660 | D:6      | Killed Blork the orc
  3660 | D:6      | Reached XP level 8. HP: 74/74 MP: 8/8
  3693 | D:6      | Reached skill level 7 in Maces & Flails
  3700 | D:6      | Found a sparkling altar of Nemelex Xobeh.
  3728 | D:6      | Noticed Menkaure
  3746 | D:6      | Killed Menkaure
  3979 | D:6      | Noticed Britaniac's ghost (novice DEFE)
  3996 | D:6      | Killed Britaniac's ghost
  3996 | D:6      | Reached skill level 8 in Maces & Flails
  4295 | D:6      | Noticed Dowan
  4325 | D:6      | Killed Dowan
  4663 | D:6      | Noticed Duvessa
  4672 | D:6      | Killed Duvessa
  4672 | D:6      | Reached skill level 9 in Maces & Flails
  5432 | D:7      | Found a deep blue altar of Sif Muna.
  5456 | D:7      | Reached skill level 10 in Maces & Flails
  5456 | D:7      | Reached XP level 9. HP: 80/80 MP: 9/9
  5541 | D:7      | Reached skill level 1 in Evocations
  5769 | D:7      | Noticed Joseph
  5776 | D:7      | Killed Joseph
  6106 | D:7      | Found a runed door.
  6187 | D:7      | Reached skill level 5 in Evocations
  6199 | D:7      | HP: 1/80 [hog (9)]
  6199 | D:7      | Slain by a hog

Skill      XL: |  1  2  3  4  5  6  7  8  9 |
---------------+----------------------------+-----
Maces & Flails | 4 6 10 | 10.0
Fighting       | 4 6 8 |  8.3
Evocations     | 6 |  6.0
Dodging        | |  2.7
Stealth        | |  0.4

Action                   |  1- 3 |  4- 6 |  7- 9 || total
-------------------------+-------+-------+-------++-------
Melee: Mace              |    76 |   101 |   243 ||   420
       Tailslap          |    10 |     9 |    43 ||    62
Invok: Berserk           |     2 |     4 |     5 ||    11
 Abil: Breathe Fire      |       |       |    15 ||    15
  Use: Scroll            |       |     2 |     1 ||     3
 Stab: Sleeping          |       |     4 |       ||     4
  Eat: Chunk             |     2 |     7 |    10 ||    19
       Royal jelly       |       |       |     2 ||     2
       Meat ration       |       |       |     1 ||     1
Armor: Skin              |    14 |    21 |    54 ||    89
Dodge: Dodged            |    49 |    62 |   170 ||   281
